 Dungeon Crawl Stone Soup version 0.30.1-11-g7821555f0a (webtiles) character file.

Game seed: 5941150441986162074

231 anacleto the Gusty (level 6, 0/32 HPs)
             Began as a Tengu Air Elementalist on Dec 14, 2023.
             Succumbed to Ijyb's poison
             ... on level 3 of the Dungeon.
             The game lasted 00:15:15 (3128 turns).

anacleto the Gusty (Tengu Air Elementalist)         Turns: 3128, Time: 00:15:16

Health: 0/32       AC:  2    Str:  8    XL:     6   Next: 3%
Magic:  3/11       EV: 15    Int: 17    God:
Gold:   112        SH:  0    Dex: 15    Spells: 1/10 levels left

rFire   . . .        a - +1 hand axe (elec)
rCold   x . .        (no shield)
rNeg    . . .        n - +0 robe
rPois   .            (helmet restricted)
rElec   .            (no cloak)
rCorr   .            (no gloves)
SInv    .            (boots unavailable)
Will    .....        (no amulet)
Stlth   ++           (no ring)
HPRegen 0.25/turn    (no ring)
MPRegen 0.12/turn

%: no passive effects
@: lethally poisoned (0 -> -1), about to teleport, weak-willed, flying quickly
and evasively, quick
A: beak, talons 3, nimble flight, sense surroundings 1, wild magic 1, cold
vulnerability 1
a: no special abilities


You were on level 3 of the Dungeon.
You visited 1 branch of the dungeon, and saw 3 of its levels.

You collected 112 gold pieces.

Inventory:

Hand Weapons
 a - a +1 hand axe of electrocution (weapon)
Missiles
 e - 29 stones
Armour
 n - a +0 robe (worn)
Jewellery
 g - a ring of flight
 m - the amulet "Wetoiril" {Regen+ rCorr Int+2 Dex+4}
   (You found it on level 2 of the Dungeon)

   [amulet of regeneration]

   Int:       It affects your intelligence (+2).
   Dex:       It affects your dexterity (+4).
   Regen:     It increases your rate of health regeneration.
   rCorr:     It protects you from acid and corrosion.
 p - an amulet of guardian spirit
 r - a ring of magical power
Wands
 q - a wand of paralysis (8)
Scrolls
 i - 3 scrolls of identify {unknown}
Potions
 b - a potion of magic
 k - a potion of flight


   Skills:
 + Level 3.2 Dodging
 + Level 3.2 Stealth
 + Level 2.8 Spellcasting
 + Level 3.1 Conjurations
 * Level 6.0 Air Magic


You had one spell level left.
You knew the following spells:

 Your Spells              Type           Power      Damage    Failure   Level
a - Shock                 Conj/Air       92%        1d8       4%          1
b - Static Discharge      Conj/Air       46%        2-4/arc   7%          2
c - Poisonous Vapours     Pois/Air       32%        N/A       12%         2
d - Airstrike             Air            15%        2d(3-19)  21%         4

Your spell library contained the following spells:

 Spells                   Type           Power      Damage    Failure   Level
 Freeze                   Ice            12%        1d3       26%         1
 Sting                    Tmut/Pois      12%        1d3       26%         1
 Summon Small Mammal      Summ           12%        N/A       26%         1
 Swiftness                Air            30%        N/A       7%          3
 Mephitic Cloud           Conj/Pois/Air  16%        N/A       22%         3
 Hailstorm                Conj/Ice       10%        3d5       36%         3
 Call Canine Familiar     Summ           3%         N/A       56%         3
 Frozen Ramparts          Ice            6%         1d1       56%         3
 Summon Guardian Golem    Hex/Summ       3%         N/A       56%         3
 Freezing Cloud           Conj/Ice/Air   8%         6-21      86%         5
 Olgreb's Toxic Radiance  Pois           3%         N/A       91%         4


Dungeon Overview and Level Annotations

Branches:
Dungeon (3/15)

Altars:
Gozag
Kikubaaqudgha
Vehumet

Shops:
D:2 [


Innate Abilities, Weirdness & Mutations

You have a beak for a mouth.
You have claws for feet.
Your magical nature lets you fly swiftly and evasively.
You passively map a small area around you.
Your spells are a little harder to cast, but a little more powerful.
You are vulnerable to cold. (rC-)


Message History

* * * LOW HITPOINT WARNING * * *
You feel very sick.
It was a potion of resistance.
You feel protected.
* * * LOW HITPOINT WARNING * * *
You feel sick.
It was a potion of cancellation.
Your magical effects are unravelling.
You feel magically purged.
Your resistance to elements expires.
* * * LOW HITPOINT WARNING * * *
You feel sick.
It was a potion of mutation.
You feel extremely strange.
You feel a strange attunement to the structure of the dungeons.
You feel vulnerable to cold.
You feel less in control of your magic.
* * * LOW HITPOINT WARNING * * *
You feel sick.
Blink to where?
Press: ? - help, Dir - move target
As you read the scroll labelled MOYRITHRIHOS, it crumbles to dust.
It was a scroll of blinking.
* * * LOW HITPOINT WARNING * * *
You feel sick.
As you read the scroll labelled ISILEUNN KUONE, it crumbles to dust.
Wisps of shadow whirl around you...
It was a scroll of summoning.
* * * LOW HITPOINT WARNING * * *
You feel sick.
As you read the scroll labelled FONOPU NIPRA, it crumbles to dust.
You feel strangely unstable.
It was a scroll of teleportation.
* * * LOW HITPOINT WARNING * * *
You feel sick.
As you read the scroll labelled ULLIORR KYCUQU, it crumbles to dust.
Magic quickly surges around you.
It was a scroll of vulnerability.
* * * LOW HITPOINT WARNING * * *
You feel sick.
As you read the scroll labelled ICOHOIH QITE, it crumbles to dust.
It is a scroll of amnesia.
Really abort (and waste the scroll)?
Okay, then.
You die...

# #.# , * # #.# * #
#.# # #.# #
########.#####.# * #
#............... #
######.......l......#
..
.......######g#######
### ##...)...@g# # *
#..######## . .....*
# ....#.# ... ..,
..,... . .#. ####* *


You could see a friendly hobgoblin (summoned, weak-willed), a friendly goblin
(summoned, weak-willed) and a friendly frilled lizard (summoned, weak-willed).

Vanquished Creatures
  A phantom (D:3)
  Ijyb (D:3)
  Terence (D:2)
  2 gnolls
  3 adders
  2 orcs (D:3)
  6 ball pythons
  3 endoplasms (D:1)
  A giant cockroach (D:2)
  5 goblins
  8 hobgoblins
  3 jackals (D:2)
  8 kobolds
  A quokka (D:1)
  6 bats
  2 frilled lizards (D:1)
  7 rats
60 creatures vanquished.

Notes
Turn   | Place    | Note
-------+----------+-------------------------------------------
     0 | D:1      | anacleto the Tengu Air Elementalist began the quest for the
                  | Orb.
     0 | D:1      | Reached XP level 1. HP: 10/10 MP: 4/4
    58 | D:1      | Found a faded altar of an unknown god.
   217 | D:1      | Reached XP level 2. HP: 15/15 MP: 4/6
   220 | D:1      | Learned a level 2 spell: Static Discharge
   703 | D:1      | Learned a level 2 spell: Poisonous Vapours
   851 | D:1      | Reached XP level 3. HP: 19/19 MP: 3/7
  1251 | D:2      | Noticed Terence
  1749 | D:2      | Identified the amulet "Wetoiril" {Regen+ rCorr Int+2 Dex+4}
  1780 | D:2      | Found a radiant altar of Vehumet.
  1794 | D:2      | Killed Terence
  1795 | D:2      | Reached skill level 5 in Air Magic
  1795 | D:2      | Reached XP level 4. HP: 21/24 MP: 0/8
  1993 | D:2      | Found Pehoivuth's Antique Armour Shoppe.
  2475 | D:3      | Found an opulent altar of Gozag.
  2691 | D:3      | Found an ancient bone altar of Kikubaaqudgha.
  2728 | D:3      | Gained mutation: Your magical nature lets you fly swiftly
                  | and evasively. [Tengu growth]
  2728 | D:3      | Reached XP level 5. HP: 24/28 MP: 1/9
  2822 | D:3      | Learned a level 4 spell: Airstrike
  3024 | D:3      | Noticed a phantom
  3033 | D:3      | Killed a phantom
  3106 | D:3      | Noticed Ijyb
  3119 | D:3      | Killed Ijyb
  3120 | D:3      | Reached skill level 6 in Air Magic
  3120 | D:3      | Reached XP level 6. HP: 11/32 MP: 2/11
  3123 | D:3      | Gained mutation: You passively map a small area around you.
                  | [potion of mutation]
  3123 | D:3      | Gained mutation: You are vulnerable to cold. (rC-) [potion
                  | of mutation]
  3123 | D:3      | Gained mutation: Your spells are a little harder to cast,
                  | but a little more powerful. [potion of mutation]
  3127 | D:3      | HP: 1/32 [poisoned by Ijyb]
  3128 | D:3      | Succumbed to Ijyb's poison

Illustrated notes

Levels and vault maps discovered:
D:1:      dreamdust_arrival_sigmund_warning, layout_basic,
          hellmonk_ecumenical_altar_lost_god
D:2:      layout_rooms, serial_shops, shop, basic_altar, uniq_terence
D:3:      layout_loops_ring, mainiacjoe_overflow_alcove_1,
          kiku_gazebo_garden_becter, nicolae_grassy_gnolls, uniq_ijyb,
          uniq_grinder

Skill      XL: |  1  2  3  4  5 |
---------------+----------------+-----
Conjurations   | 2 3 |  3.1
Air Magic      | 5 6 |  6.0
Dodging        | 3 |  3.2
Stealth        | 3 |  3.2
Spellcasting   | |  2.8

Action                     |  1- 3 |  4- 6 || total
---------------------------+-------+-------++-------
  Melee: Dagger            |     7 |       ||     7
         Kick              |     3 |     4 ||     7
         Peck              |     1 |     3 ||     4
         Hand axe          |       |     9 ||     9
   Cast: Shock             |    54 |    33 ||    87
         Static Discharge  |    10 |     9 ||    19
         Poisonous Vapours |     7 |    15 ||    22
    Use: Scroll            |       |     5 ||     5
         Potion            |       |     4 ||     4
 Armour: Robe              |     7 |     2 ||     9
  Dodge: Dodged            |    24 |    17 ||    41
